 Dungeon Crawl Stone Soup version 0.21.1-1-g345015f (webtiles) character file.

6771 tidbits the Martial Artist (level 11, 0/83 HPs)
             Began as a Gnoll Transmuter on Mar 14, 2018.
             Was a Priest of Cheibriados.
             Killed by nerve-wracking pain
             ... invoked by a shadow imp
              (14 damage)
             ... on level 9 of the Dungeon.
             The game lasted 00:48:29 (3178 turns).

tidbits the Martial Artist (Gnoll Transmuter)       Turns: 3178, Time: 00:48:29

Health: 0/83       AC:  2    Str: 22    XL:     11   Next: 4%
Magic:  10/22      EV: 19    Int: 26    God:    Cheibriados [***...]
Gold:   2012       SH:  0    Dex: 23    Spells: 3/25 levels left

rFire    . . .     SeeInvis .     - Unarmed
rCold    . . .     Gourm    .   (shield currently unavailable)
rNeg     . . .     Faith    .   B - +0 robe
rPois    .         Spirit   .   (no helmet)
rElec    .         Reflect  .   (no cloak)
rCorr    .         Harm     .   (gloves currently unavailable)
MR       .....                  (no boots)
Stlth    ++++......             (no amulet)
HPRegen  0.23/turn              (no ring)
MPRegen  0.18/turn              (no ring)

@: blade hands (expiring), very slow
A: distributed training, fangs 1, strong nose
a: End Transformation, Bend Time, Temporal Distortion, Renounce Religion


You were on level 9 of the Dungeon.
You worshipped Cheibriados.
Cheibriados was most pleased with you.
You were not hungry.
You had blades for hands.
You visited 2 branches of the dungeon, and saw 11 of its levels.
You also visited: Bailey.

You collected 7037 gold pieces.
You spent 5025 gold pieces at shops.

Inventory:

Hand Weapons
 a - a +0 dagger of venom (melded)
   (You took it off a goblin on level 3 of the Dungeon)
 m - a +0 hunting sling
 v - a +0 shortbow
 y - a +3 shortbow
 A - the +11 mace of Wu Jian's Outrage {flame, rF++, unknown}
   (You found it on level 9 of the Dungeon)

   It has been specially enchanted to burn those struck by it, causing extra
   injury to most foes and up to half again as much damage against particularly
   susceptible opponents.
   It greatly protects you from fire.
 P - a +2 scimitar of freezing
   (You took it off an orc warrior on level 9 of the Dungeon)
Missiles
 k - 72 arrows
 s - 48 tomahawks of returning (quivered)
 H - 7 javelins
 I - a throwing net {!f}
Armour
 B - a +0 robe (worn)
 D - a +1 buckler of protection (melded)
   (You found it in a bailey)
Jewellery
 g - an uncursed ring of teleportation
   (You found it on level 2 of the Dungeon)
Scrolls
 i - 2 scrolls of enchant armour {unknown}
 l - a scroll of fog
 n - a scroll of noise
 p - 3 scrolls of teleportation
 q - 6 scrolls of remove curse
 t - 4 scrolls of blinking
 u - a scroll of immolation
 w - a scroll of torment
 x - a scroll of enchant weapon
 F - a scroll of magic mapping
Potions
 o - a potion of resistance
 r - a potion of berserk rage
 G - a potion of cancellation {unknown}
 O - a potion of heal wounds
 Q - a potion of degeneration {unknown}
Books
 d - a book of Changes

   Spells                             Type                      Level
   a - Beastly Appendage              Transmutation                1
   b - Sticks to Snakes               Transmutation                2
   c - Spider Form                    Transmutation/Poison         3
   d - Ice Form                       Ice/Transmutation            4
   e - Blade Hands                    Transmutation                5
 f - a book of Battle
   (You bought it in a shop on level 8 of the Dungeon)

   Spells                             Type                      Level
   a - Infusion                       Charms                       1
   b - Shroud of Golubria             Charms/Translocation         2
   c - Song of Slaying                Charms                       2
   d - Spectral Weapon                Hexes/Charms                 3
   e - Regeneration                   Charms/Necromancy            3
 h - a book of Minor Magic
   (You found it on level 2 of the Dungeon)

   Spells                             Type                      Level
   a - Magic Dart                     Conjuration                  1
   b - Blink                          Translocation                2
   c - Call Imp                       Summoning                    2
   d - Slow                           Hexes                        2
   e - Conjure Flame                  Conjuration/Fire             3
   f - Mephitic Cloud                 Conjuration/Poison/Air       3
 j - Kikubaaqudgha's Compendium of Sinister Secrets
   (You found it on level 8 of the Dungeon)

   Spells                             Type                      Level
   a - Pain                           Necromancy                   1
 z - a book of Cantrips
   (You bought it in a shop on level 8 of the Dungeon)

   Spells                             Type                      Level
   a - Confusing Touch                Hexes                        1
   b - Animate Skeleton               Necromancy                   1
   c - Summon Small Mammal            Summoning                    1
   d - Apportation                    Translocation                1
 C - a book of the Sky
   (You bought it in a shop on level 8 of the Dungeon)

   Spells                             Type                      Level
   a - Summon Lightning Spire         Summoning/Air                4
   b - Silence                        Hexes/Air                    5
   c - Deflect Missiles               Charms/Air                   6
   d - Conjure Ball Lightning         Conjuration/Air              6
   e - Tornado                        Air                          9
 E - a book of the Earth
   (You bought it in a shop on level 8 of the Dungeon)

   Spells                             Type                      Level
   a - Leda's Liquefaction            Hexes/Earth                  4
   b - Bolt of Magma                  Conjuration/Fire/Earth       5
   c - Statue Form                    Transmutation/Earth          6
   d - Iron Shot                      Conjuration/Earth            6
   e - Shatter                        Earth                        9
 J - a book of Geomancy
   (You bought it in a shop on level 6 of the Dungeon)

   Spells                             Type                      Level
   a - Sandblast                      Earth                        1
   b - Passwall                       Transmutation/Earth          2
   c - Stone Arrow                    Conjuration/Earth            3
   d - Petrify                        Transmutation/Earth          4
   e - Lee's Rapid Deconstruction     Earth                        5
 K - a book of Transfigurations
   (You bought it in a shop on level 6 of the Dungeon)

   Spells                             Type                      Level
   a - Irradiate                      Conjuration/Transmutation    5
   b - Statue Form                    Transmutation/Earth          6
   c - Hydra Form                     Transmutation                6
   d - Dragon Form                    Transmutation                7
 L - a book of Unlife
   (You bought it in a shop on level 6 of the Dungeon)

   Spells                             Type                      Level
   a - Recall                         Summoning/Translocation      3
   b - Animate Dead                   Necromancy                   4
   c - Borgnjor's Vile Clutch         Necromancy/Earth             5
   d - Death Channel                  Necromancy                   6
   e - Simulacrum                     Ice/Necromancy               6
 M - a book of Callings
   (You bought it in a shop on level 6 of the Dungeon)

   Spells                             Type                      Level
   a - Summon Small Mammal            Summoning                    1
   b - Call Imp                       Summoning                    2
   c - Call Canine Familiar           Summoning                    3
   d - Summon Guardian Golem          Hexes/Summoning              3
   e - Summon Lightning Spire         Summoning/Air                4
   f - Summon Ice Beast               Ice/Summoning                4
 N - a book of Necromancy
   (You bought it in a shop on level 6 of the Dungeon)

   Spells                             Type                      Level
   a - Pain                           Necromancy                   1
   b - Animate Skeleton               Necromancy                   1
   c - Vampiric Draining              Necromancy                   3
   d - Regeneration                   Charms/Necromancy            3
   e - Animate Dead                   Necromancy                   4
   f - Borgnjor's Vile Clutch         Necromancy/Earth             5
Miscellaneous
 e - a phial of floods
Comestibles
 c - 8 rations


   Skills:
 + Level 6.4 Fighting
 + Level 5.8 Short Blades
 + Level 5.8 Long Blades
 + Level 5.8 Axes
 + Level 5.8 Maces & Flails
 + Level 5.8 Polearms
 + Level 5.8 Staves
 + Level 5.8 Slings
 + Level 5.8 Bows
 + Level 5.8 Crossbows
 + Level 5.8 Throwing
 + Level 5.8 Armour
 + Level 7.4 Dodging
 + Level 5.8 Stealth
 + Level 5.8 Shields
 + Level 8.8 Unarmed Combat
 + Level 7.7 Spellcasting
 + Level 4.7 Conjurations
 + Level 4.7 Hexes
 + Level 4.7 Charms
 + Level 4.7 Summonings
 + Level 4.7 Necromancy
 + Level 4.7 Translocations
 + Level 6.2 Transmutations
 + Level 4.7 Fire Magic
 + Level 4.7 Ice Magic
 + Level 4.7 Air Magic
 + Level 4.7 Earth Magic
 + Level 4.7 Poison Magic
 + Level 6.3 Invocations
 + Level 5.8 Evocations


You had 3 spell levels left.
You knew the following spells:

 Your Spells              Type           Power        Failure   Level  Hunger
b - Blink                 Tloc           N/A          17%         2    None
e - Beastly Appendage     Tmut           #####.       11%         1    None
h - Blade Hands           Tmut           #####.....   50%         5    ####...
k - Sticks to Snakes      Tmut           #####...     13%         2    None
m - Mephitic Cloud        Conj/Pois/Air  #####...     22%         3    None
p - Passwall              Tmut/Erth      #####.....   14%         2    None
r - Regeneration          Chrm/Necr      #####.....   22%         3    None
A - Apportation           Tloc           #####.       14%         1    None
P - Spider Form           Tmut/Pois      #####.....   21%         3    None


Dungeon Overview and Level Annotations

Branches:
Dungeon (10/15)            Temple (1/1) D:4             Orc (0/2) D:9
   Lair: D:8-11

Altars:
Ashenzari
Cheibriados
Dithmenos
Elyvilon
Fedhas
Gozag
Hepliaklqana
Kikubaaqudgha
Makhleb
Nemelex Xobeh
Okawaru
Qazlal
Ru
Sif Muna
Trog
Uskayaw
Vehumet
Wu Jian
Xom
Yredelemnul
Zin
The Shining One

Shops:
D:6 :   D:8 :


Innate Abilities, Weirdness & Mutations

Your experience applies equally to all skills.
You have very sharp teeth.
Your uncanny sense of smell can sniff out nearby items.


Message History

You kill the orc warrior!
Cheibriados appreciates the change of pace.
You have reached level 11!
You hear a shout! x2
You slice the orc priest!!
You kill the orc priest!
Cheibriados thoroughly appreciates the change of pace.
You hear a shout! x2
Unknown command.
You hit the orc wizard.
The orc wizard is lightly wounded.
The orc wizard hits you but does no damage.
You slice the orc wizard!!
You kill the orc wizard!
Cheibriados thoroughly appreciates the change of pace.
An orc wizard comes into view. It is wielding a dagger.
The orc wizard moves out of view.
An orc comes into view. It is wielding a hand axe.
Items here: ! $ ))) [[ †
Q - a smoky blue potion You now have 2012 gold pieces (gained 30).
The orc moves out of view.
An orc wizard comes into view. It is wielding a dagger.
Things that are here:
a chain mail; a glaive You slice the orc!!
You kill the orc!
Cheibriados appreciates the change of pace.
The orc warrior hits you from afar with a halberd!
The orc warrior hits you with a halberd!!
The orc priest looks satisfied for a moment.
You see here a hand axe.
Unknown command.
You barely miss the orc warrior.
The orc warrior hits you but does no damage.
Unknown command.
You closely miss the orc warrior.
The orc warrior hits you with a halberd!!
* * * LOW HITPOINT WARNING * * *
The orc wizard gestures wildly while chanting.
The orc wizard flickers and vanishes!
The orc wizard shouts!
You barely miss the orc warrior. You slice the orc warrior!!
You slash the orc warrior.
The orc warrior is almost dead.
The orc warrior closely misses you.
You slice the orc warrior!!
You kill the orc warrior!
Cheibriados thoroughly appreciates the change of pace.
Cheibriados raises the support of your attributes as your movement slows.
You barely miss something. You bite something.
Something hits you but does no damage.
You barely miss something. You bite something.
The orc wizard casts a spell at you.
The puff of flame hits something.
The orc priest casts a cantrip, but nothing happens.
You hear some strange, mumbled words.
A magic dart appears from out of thin air!
The magic dart hits you!
* * * LOW HITPOINT WARNING * * *
You closely miss something. You bite something. You closely miss something.
You slash something. Something closely misses you.
Unknown command.
You miss something. You bite something.
The orc priest casts a cantrip, but nothing happens.
You hear some strange, mumbled words.
Something tries to affect you, but you resist.
You miss something. Something hits you.
* * * LOW HITPOINT WARNING * * *
You shred something!!!
Cheibriados thoroughly appreciates the change of pace.
You feel a bit more experienced.
You slash the orc wizard!
You kill the orc wizard!
Cheibriados appreciates the change of pace.
The orc priest calls down the wrath of Beogh upon you.
Beogh smites you!
* * * LOW HITPOINT WARNING * * *
As you read the scroll of teleportation, it crumbles to dust.
You feel strangely unstable. The orc priest completely misses you.
Unknown command.
You slice the orc priest!!
You kill the orc priest!
Cheibriados appreciates the change of pace.
The two-headed ogre hits you with a giant club!
* * * LOW HITPOINT WARNING * * *
The two-headed ogre misses you.
Things that are here:
a chain mail; a glaive Your surroundings suddenly seem different.
An ugly thing and a shadow imp come into view.
You see here 24 bolts.
Your transformation is almost over.
The shadow imp shouts, "Away with thee, thou fawning guts-griping pumpion!"
You hear a horrible gurgling sound!
You feel better. The shadow imp gestures at you. Pain shoots through your body!
You die...

#.# #.#.# *,* ## #.#
#)#.# *,, .# #.# #.#.#
*** .######.# #.#5##
** >.....[.# ###.)..#
*, .#####..# #......#
*, .# #..#
#.#....######,
######..#
#########......u.....,
....##.>#
#....@.5............,*
###.##..#
#.#######(........#*,*
###.##..# #.#
####...####*,*
#.......####.#####
#...# **,*
.................#
#...# *,,,
#.#.###.########.#
##.## *,** #.#.# #.#
#.## #.# *,* #.#.# #.#
#..## #.# *,* #.#.#
#.# ##..## #.#****,*


You could see a shadow imp.

Vanquished Creatures
  2 two-headed ogres
  Pikel (D:8)
  The ghost of Anonimus the Chopper, a novice DsFi of Okawaru (D:5)
  Psyche (D:8)
  Grinder (D:5)
  Prince Ribbit (D:7)
  A hippogriff (D:9)
  A hungry ghost (D:9)
  8 orc warriors
  2 ice beasts
  3 black bears
  3 sky beasts (D:8)
  2 phantoms (D:8)
  A hornet zombie (D:9)
  5 centaurs
  2 ogres
  3 bullfrogs
  A wyvern zombie (D:9)
  A scorpion (D:7)
  2 howler monkeys
  A quasit (D:9)
  4 crimson imps
  A jelly (D:6)
  3 hounds
  4 orc priests
  9 orc wizards
  A gnoll shaman (D:6)
  An iguana (D:8)
  3 worker ants
  A hound zombie (D:5)
  7 gnolls
  5 adders
  3 shadow imps
  An adder zombie (D:6)
  2 worms
  2 leopard geckos
  26 orcs
  2 bats (D:2)
  A giant cockroach (D:1)
  6 goblins
  10 hobgoblins
  18 kobolds
  A quokka (D:7)
  2 frilled lizards
  3 rats
159 creatures vanquished.

Vanquished Creatures (collateral kills)
  The ghost of Exporg the Skirmisher, an amateur OgBe of Trog (D:4)
  An orc wizard (D:5)
  A hound skeleton (D:8)
  An adder (D:2)
  An orc (D:5)
  2 goblins
  A frilled lizard (D:2)
  A kobold (Bailey)
  2 rats
11 creatures vanquished.

Vanquished Creatures (others)
  A water moccasin (D:8)
  3 slaves (D:8)
  A centaur (D:8)
  A worker ant (D:8)
  2 orcs (D:8)
  A goblin (D:8)
9 creatures vanquished.

Grand Total: 179 creatures vanquished

Notes
Turn   | Place    | Note
-------+----------+-------------------------------------------
     0 | D:1      | tidbits the Gnoll Transmuter began the quest for the Orb.
     0 | D:1      | Reached XP level 1. HP: 17/17 MP: 6/6
    63 | D:1      | Reached XP level 2. HP: 23/23 MP: 5/7
    67 | D:1      | Learned a level 2 spell: Sticks to Snakes
   198 | D:2      | Found a sparkling altar of Nemelex Xobeh.
   239 | D:2      | Reached XP level 3. HP: 23/28 MP: 3/9
   248 | D:2      | Reached skill level 5 in Spellcasting
   329 | D:3      | Learned a level 3 spell: Spider Form
   337 | D:4      | Found a staircase to the Ecumenical Temple.
   342 | Temple   | Entered the Ecumenical Temple
   481 | D:3      | Found a shadowy altar of Dithmenos.
   507 | D:3      | Reached skill level 1 in Invocations
   511 | D:3      | Reached skill level 1 in Short Blades
   511 | D:3      | Reached skill level 1 in Long Blades
   511 | D:3      | Reached skill level 1 in Axes
   511 | D:3      | Reached skill level 1 in Maces & Flails
   511 | D:3      | Reached skill level 1 in Polearms
   511 | D:3      | Reached skill level 1 in Staves
   511 | D:3      | Reached skill level 1 in Slings
   511 | D:3      | Reached skill level 1 in Bows
   511 | D:3      | Reached skill level 1 in Crossbows
   511 | D:3      | Reached skill level 1 in Throwing
   511 | D:3      | Reached skill level 1 in Armour
   511 | D:3      | Reached skill level 1 in Stealth
   511 | D:3      | Reached skill level 1 in Shields
   511 | D:3      | Reached skill level 1 in Evocations
   511 | D:3      | Reached XP level 4. HP: 34/34 MP: 4/11
   582 | D:3      | Found a burning altar of Makhleb.
   588 | D:3      | Reached skill level 1 in Conjurations
   588 | D:3      | Reached skill level 1 in Hexes
   588 | D:3      | Reached skill level 1 in Charms
   588 | D:3      | Reached skill level 1 in Summonings
   588 | D:3      | Reached skill level 1 in Necromancy
   588 | D:3      | Reached skill level 1 in Translocations
   588 | D:3      | Reached skill level 1 in Fire Magic
   588 | D:3      | Reached skill level 1 in Ice Magic
   588 | D:3      | Reached skill level 1 in Air Magic
   588 | D:3      | Reached skill level 1 in Earth Magic
   588 | D:3      | Reached skill level 1 in Poison Magic
   653 | D:4      | Reached XP level 5. HP: 40/40 MP: 8/12
   687 | D:4      | Noticed Exporg's ghost (amateur OgBe)
   704 | D:4      | Killed Exporg's ghost
   704 | D:4      | Reached skill level 3 in Fighting
   704 | D:4      | Reached skill level 4 in Transmutations
   704 | D:4      | Reached skill level 2 in Invocations
   704 | D:4      | Reached XP level 6. HP: 47/47 MP: 7/13
   840 | D:5      | Entered Level 5 of the Dungeon
   859 | D:5      | Reached skill level 5 in Dodging
   897 | D:5      | Reached skill level 2 in Short Blades
   897 | D:5      | Reached skill level 2 in Long Blades
   897 | D:5      | Reached skill level 2 in Axes
   897 | D:5      | Reached skill level 2 in Maces & Flails
   897 | D:5      | Reached skill level 2 in Polearms
   897 | D:5      | Reached skill level 2 in Staves
   897 | D:5      | Reached skill level 2 in Slings
   897 | D:5      | Reached skill level 2 in Bows
   897 | D:5      | Reached skill level 2 in Crossbows
   897 | D:5      | Reached skill level 2 in Throwing
   897 | D:5      | Reached skill level 2 in Armour
   897 | D:5      | Reached skill level 2 in Stealth
   897 | D:5      | Reached skill level 2 in Shields
   897 | D:5      | Reached skill level 2 in Evocations
   961 | D:5      | Reached XP level 7. HP: 50/52 MP: 8/15
   979 | D:5      | Noticed Grinder
  1004 | D:5      | Paralysed by Grinder for 3 turns
  1010 | D:5      | Killed Grinder
  1010 | D:5      | Reached skill level 7 in Unarmed Combat
  1010 | D:5      | Reached skill level 2 in Conjurations
  1010 | D:5      | Reached skill level 2 in Hexes
  1010 | D:5      | Reached skill level 2 in Charms
  1010 | D:5      | Reached skill level 2 in Summonings
  1010 | D:5      | Reached skill level 2 in Necromancy
  1010 | D:5      | Reached skill level 2 in Translocations
  1010 | D:5      | Reached skill level 2 in Fire Magic
  1010 | D:5      | Reached skill level 2 in Ice Magic
  1010 | D:5      | Reached skill level 2 in Air Magic
  1010 | D:5      | Reached skill level 2 in Earth Magic
  1010 | D:5      | Reached skill level 2 in Poison Magic
  1057 | D:6      | Found Vaor's Book Shoppe.
  1158 | D:6      | Reached skill level 3 in Invocations
  1266 | D:5      | Noticed Anonimus's ghost (novice DsFi)
  1286 | D:5      | Killed Anonimus's ghost
  1286 | D:5      | Reached skill level 4 in Fighting
  1286 | D:5      | Reached skill level 3 in Short Blades
  1286 | D:5      | Reached skill level 3 in Long Blades
  1286 | D:5      | Reached skill level 3 in Axes
  1286 | D:5      | Reached skill level 3 in Maces & Flails
  1286 | D:5      | Reached skill level 3 in Polearms
  1286 | D:5      | Reached skill level 3 in Staves
  1286 | D:5      | Reached skill level 3 in Slings
  1286 | D:5      | Reached skill level 3 in Bows
  1286 | D:5      | Reached skill level 3 in Crossbows
  1286 | D:5      | Reached skill level 3 in Throwing
  1286 | D:5      | Reached skill level 3 in Armour
  1286 | D:5      | Reached skill level 3 in Stealth
  1286 | D:5      | Reached skill level 3 in Shields
  1286 | D:5      | Reached skill level 3 in Evocations
  1286 | D:5      | Reached XP level 8. HP: 32/60 MP: 10/16
  1289 | D:5      | Reached skill level 6 in Spellcasting
  1366 | D:8      | Found Werredd's Book Shop.
  1366 | D:8      | Found a flagged portal.
  1366 | D:8      | Noticed Pikel
  1483 | D:8      | Reached skill level 4 in Invocations
  1538 | D:8      | Reached skill level 3 in Conjurations
  1538 | D:8      | Reached skill level 3 in Hexes
  1538 | D:8      | Reached skill level 3 in Charms
  1538 | D:8      | Reached skill level 3 in Summonings
  1538 | D:8      | Reached skill level 3 in Necromancy
  1538 | D:8      | Reached skill level 3 in Translocations
  1538 | D:8      | Reached skill level 3 in Fire Magic
  1538 | D:8      | Reached skill level 3 in Ice Magic
  1538 | D:8      | Reached skill level 3 in Air Magic
  1538 | D:8      | Reached skill level 3 in Earth Magic
  1538 | D:8      | Reached skill level 3 in Poison Magic
  1538 | D:8      | Reached XP level 9. HP: 46/66 MP: 15/18
  1549 | D:8      | Found an ancient bone altar of Kikubaaqudgha.
  1553 | D:8      | Found a deep blue altar of Sif Muna.
  1562 | D:8      | Reached skill level 6 in Dodging
  1562 | D:8      | Reached skill level 5 in Transmutations
  1565 | D:8      | Found a radiant altar of Vehumet.
  1567 | D:8      | Identified Kikubaaqudgha's Compendium of Sinister Secrets
  1656 | D:10     | Entered Level 10 of the Dungeon
  1683 | D:9      | Reached skill level 4 in Short Blades
  1683 | D:9      | Reached skill level 4 in Long Blades
  1683 | D:9      | Reached skill level 4 in Axes
  1683 | D:9      | Reached skill level 4 in Maces & Flails
  1683 | D:9      | Reached skill level 4 in Polearms
  1683 | D:9      | Reached skill level 4 in Staves
  1683 | D:9      | Reached skill level 4 in Slings
  1683 | D:9      | Reached skill level 4 in Bows
  1683 | D:9      | Reached skill level 4 in Crossbows
  1683 | D:9      | Reached skill level 4 in Throwing
  1683 | D:9      | Reached skill level 4 in Armour
  1683 | D:9      | Reached skill level 4 in Stealth
  1683 | D:9      | Reached skill level 4 in Shields
  1683 | D:9      | Reached skill level 4 in Evocations
  1697 | D:9      | Noticed a two-headed ogre
  1705 | D:9      | HP: 6/67 [two-headed ogre/giant club (19)]
  1708 | D:9      | Killed a two-headed ogre
  1708 | D:9      | Reached skill level 5 in Fighting
  1708 | D:9      | Reached skill level 8 in Unarmed Combat
  1756 | D:9      | Found an opulent altar of Gozag.
  1759 | D:9      | Found a hide-covered altar of Uskayaw.
  1766 | D:9      | Found a stormy altar of Qazlal.
  1768 | D:9      | Found a snail-covered altar of Cheibriados.
  1772 | D:9      | Became a worshipper of Cheibriados the Contemplative
  1840 | D:8      | Reached skill level 5 in Invocations
  1875 | D:8      | HP: 3/68 [orc priest/divine providence (7)]
  1895 | D:8      | HP: 6/68 [Pikel/whip of flaming (2)]
  1898 | D:8      | Killed Pikel
  1898 | D:8      | Reached skill level 7 in Spellcasting
  1898 | D:8      | Reached skill level 4 in Conjurations
  1898 | D:8      | Reached skill level 4 in Hexes
  1898 | D:8      | Reached skill level 4 in Charms
  1898 | D:8      | Reached skill level 4 in Summonings
  1898 | D:8      | Reached skill level 4 in Necromancy
  1898 | D:8      | Reached skill level 4 in Translocations
  1898 | D:8      | Reached skill level 4 in Fire Magic
  1898 | D:8      | Reached skill level 4 in Ice Magic
  1898 | D:8      | Reached skill level 4 in Air Magic
  1898 | D:8      | Reached skill level 4 in Earth Magic
  1898 | D:8      | Reached skill level 4 in Poison Magic
  1898 | D:8      | Reached XP level 10. HP: 17/74 MP: 13/20
  1922 | D:8      | HP: 6/74 [iguana (9)]
  1938 | D:8      | Reached * piety under Cheibriados
  1979 | Bailey   | Entered a bailey
  1989 | Bailey   | Learned a level 3 spell: Mephitic Cloud
  2008 | Bailey   | Noticed an orc warlord
  2072 | Bailey   | Learned a level 4 spell: Ice Form
  2102 | Bailey   | Learned a level 3 spell: Conjure Flame
  2105 | Bailey   | Learned a level 2 spell: Blink
  2111 | Bailey   | Learned a level 5 spell: Blade Hands
  2206 | Bailey   | Found a runed gate.
  2207 | Bailey   | Found a runed gate.
  2209 | Bailey   | Found a runed gate.
  2272 | Bailey   | Reached ** piety under Cheibriados
  2369 | D:8      | Identified 2 scrolls of acquirement
  2375 | D:8      | Bought a book of Battle for 560 gold pieces
  2375 | D:8      | Bought a book of Cantrips for 280 gold pieces
  2375 | D:8      | Bought a book of the Sky for 910 gold pieces
  2375 | D:8      | Bought a book of the Earth for 910 gold pieces
  2455 | D:6      | Learned a level 3 spell: Regeneration
  2473 | D:6      | Reached skill level 5 in Short Blades
  2473 | D:6      | Reached skill level 5 in Long Blades
  2473 | D:6      | Reached skill level 5 in Axes
  2473 | D:6      | Reached skill level 5 in Maces & Flails
  2473 | D:6      | Reached skill level 5 in Polearms
  2473 | D:6      | Reached skill level 5 in Staves
  2473 | D:6      | Reached skill level 5 in Slings
  2473 | D:6      | Reached skill level 5 in Bows
  2473 | D:6      | Reached skill level 5 in Crossbows
  2473 | D:6      | Reached skill level 5 in Throwing
  2473 | D:6      | Reached skill level 5 in Armour
  2473 | D:6      | Reached skill level 5 in Stealth
  2473 | D:6      | Reached skill level 5 in Shields
  2473 | D:6      | Reached skill level 5 in Evocations
  2599 | D:6      | Bought a book of Geomancy for 385 gold pieces
  2599 | D:6      | Bought a book of Transfigurations for 605 gold pieces
  2599 | D:6      | Bought a book of Unlife for 715 gold pieces
  2599 | D:6      | Bought a book of Callings for 330 gold pieces
  2599 | D:6      | Bought a book of Necromancy for 330 gold pieces
  2602 | D:6      | Learned a level 1 spell: Apportation
  2605 | D:6      | Learned a level 2 spell: Passwall
  2644 | D:7      | Noticed Prince Ribbit
  2652 | D:7      | Killed Prince Ribbit
  2789 | D:8      | Noticed a two-headed ogre
  2803 | D:8      | Killed a two-headed ogre
  2803 | D:8      | Reached skill level 7 in Dodging
  2816 | D:8      | Reached skill level 6 in Fighting
  2829 | D:8      | Reached *** piety under Cheibriados
  2869 | D:8      | Found a bloodstained altar of Trog.
  2900 | D:8      | Found a blossoming altar of Fedhas.
  2902 | D:8      | Found a white marble altar of Elyvilon.
  2904 | D:8      | Noticed Psyche
  2917 | D:8      | Killed Psyche
  2917 | D:8      | Reached skill level 6 in Transmutations
  2917 | D:8      | Reached skill level 6 in Invocations
  2970 | D:9      | Got a faintly glowing mace
  3013 | D:9      | Noticed a two-headed ogre
  3145 | D:9      | Reached XP level 11. HP: 82/82 MP: 3/22
  3172 | D:9      | HP: 3/83 [two-headed ogre/giant club (14)]
  3174 | D:9      | Noticed a brown ugly thing
  3178 | D:9      | Killed from afar by a shadow imp

Skill      XL: |  1  2  3  4  5  6  7  8  9 10 |
---------------+-------------------------------+-----
Spellcasting   | 5 6 7 |  7.7
Invocations    | 1 2 3 4 5 6 |  6.3
Short Blades   | 1 2 3 4 5 |  5.8
Long Blades    | 1 2 3 4 5 |  5.8
Axes           | 1 2 3 4 5 |  5.8
Maces & Flails | 1 2 3 4 5 |  5.8
Polearms       | 1 2 3 4 5 |  5.8
Staves         | 1 2 3 4 5 |  5.8
Slings         | 1 2 3 4 5 |  5.8
Bows           | 1 2 3 4 5 |  5.8
Crossbows      | 1 2 3 4 5 |  5.8
Throwing       | 1 2 3 4 5 |  5.8
Armour         | 1 2 3 4 5 |  5.8
Stealth        | 1 2 3 4 5 |  5.8
Shields        | 1 2 3 4 5 |  5.8
Evocations     | 1 2 3 4 5 |  5.8
Conjurations   | 1 2 3 4 |  4.7
Hexes          | 1 2 3 4 |  4.7
Charms         | 1 2 3 4 |  4.7
Summonings     | 1 2 3 4 |  4.7
Necromancy     | 1 2 3 4 |  4.7
Translocations | 1 2 3 4 |  4.7
Fire Magic     | 1 2 3 4 |  4.7
Ice Magic      | 1 2 3 4 |  4.7
Air Magic      | 1 2 3 4 |  4.7
Earth Magic    | 1 2 3 4 |  4.7
Poison Magic   | 1 2 3 4 |  4.7
Fighting       | 3 4 5 6 |  6.4
Transmutations | 4 5 6 |  6.2
Dodging        | 5 6 7 |  7.4
Unarmed Combat | 7 8 |  8.8

Action                   |  1- 3 |  4- 6 |  7- 9 | 10-12 || total
-------------------------+-------+-------+-------+-------++-------
Melee: Unarmed           |    60 |    47 |   157 |   128 ||   392
       Headbutt          |     6 |       |       |       ||     6
       Bite              |     3 |       |     2 |    14 ||    19
       Punch             |     1 |       |       |    11 ||    12
       Kick              |     3 |       |       |       ||     3
       Dagger            |       |     3 |     5 |    16 ||    24
Throw: Tomahawk          |       |       |     8 |    46 ||    54
 Cast: Beastly Appendage |     8 |       |       |       ||     8
       Sticks to Snakes  |     4 |     6 |    15 |    15 ||    40
       Spider Form       |     2 |     9 |    20 |     8 ||    39
       Blade Hands       |       |       |       |    17 ||    17
       Passwall          |       |       |       |    10 ||    10
       Regeneration      |       |       |       |     8 ||     8
       Mephitic Cloud    |       |       |       |     5 ||     5
       Apportation       |       |       |       |     2 ||     2
       Ice Form          |       |       |       |     2 ||     2
Invok: Bend Time         |       |       |       |     1 ||     1
 Abil: End Transformatio |       |       |     3 |     7 ||    10
Evoke: Wand              |       |       |     5 |       ||     5
  Use: Scroll            |     1 |     3 |     6 |    11 ||    21
       Potion            |       |     3 |     7 |     6 ||    16
 Stab: Sleeping          |       |       |     5 |     2 ||     7
  Eat: Chunk             |       |     1 |     4 |     6 ||    11
       Ration            |       |       |       |     1 ||     1
Armor: Robe              |     5 |       |     1 |     9 ||    15
       Skin              |     3 |     9 |     4 |     5 ||    21
Dodge: Dodged            |    39 |    42 |   127 |   119 ||   327
Block: Buckler           |       |       |       |     3 ||     3

Table legend:
 A = Turns spent in this place as a percentage of turns spent in the entire game.
 B = Non-inter-level travel turns spent in this place as a percentage of non-inter-level travel turns spent in the entire game.
 C = Inter-level travel turns spent in this place as a percentage of turns spent in this place.
 D = Turns resting spent in this place as a percentage of non-inter-level travel turns spent in this place.
 E = Turns spent auto-exploring this place as a percentage of non-inter-level travel turns spent in this place.
 F = Non-inter-level travel turns spent in this place divided by the number of levels of this place that you've seen.
                   A       B       C       D       E      F
               +-------+-------+-------+-------+-------+----------------------
         Total | 100.0 | 100.0 |   0.5 |   0.0 |   0.0 | 263.5
       Dungeon |  86.8 |  86.7 |   0.6 |   0.0 |   0.0 | 274.3
        Temple |   1.3 |   1.3 |   0.0 |   0.0 |   0.0 |  42.0
        Bailey |  11.9 |  11.9 |   0.0 |   0.0 |   0.0 | 377.0
               +-------+-------+-------+-------+-------+----------------------

Table legend:
 A = Kills in this place as a percentage of kills in entire the game.
 B = Kills by you in this place as a percentage of kills by you in the entire game.
 C = Kills by friends in this place as a percentage of kills by friends in the entire game.
 D = Other kills in this place as a percentage of other kills in the entire game.
 E = Experience gained in this place as a percentage of experience gained in the entire game.
 F = Experience gained in this place divided by the number of levels of this place that you have seen.
                   A       B       C       D       E      F
               +-------+-------+-------+-------+-------+----------------------
         Total | 100.0 | 100.0 | 100.0 | 100.0 | 100.0 | 806.1
       Dungeon |  84.8 |  85.4 |  81.8 |  50.0 |  96.6 | 934.4
        Bailey |  15.2 |  14.6 |  18.2 |  50.0 |   3.4 | 329.0
               +-------+-------+-------+-------+-------+----------------------

Vault maps used:
D:1:      minmay_arrival_loop, interstate_on_off
D:2:      nemelex_xobeh_ov_fountains_minmay, uniq_natasha
D:3:      nicolae_dithmenos_through_a_glass_darkly, makhleb_grotto_becter
D:4:      minmay_temple_entry_statues_pillars, first_ration, lemuel_old_faithful
D:5:      kennysheep_small_circle, uniq_grinder
D:6:      serial_shops, shop
D:7:      uniq_joseph, uniq_prince_ribbit1
D:8:      grunt_temple_overflow_magic_moments, gammafunk_temple_overflow_pools,
          serial_shops, shop, enter_bailey_3, basic_altar, uniq_psyche,
          uniq_pikel
D:9:      minitemple, david_orc_4
D:10:     grunt_tengu_nest, grunt_ministairs_1, water_boxes_lemuel
Temple:   zaba_magenta_temple
Bailey:   bailey_axe_bossmonster_kennysheep, bailey
